 Dungeon Crawl Stone Soup version 0.28-a0-43-g560ac104fe (webtiles) character file.

Game seed: 14294575574016682907

177 Zonian the Conjurer (level 5, -8/32 HPs)
             Began as a Human Conjurer on July 28, 2021.
             Mangled by Duvessa (9 damage)
             ... on level 4 of the Dungeon.
             The game lasted 00:09:08 (7084 turns).

Zonian the Conjurer (Human Conjurer)                Turns: 7084, Time: 00:09:08

Health: -8/32      AC:  4    Str:  7    XL:     5   Next: 88%
Magic:  0/9        EV: 16    Int: 18    God:
Gold:   132        SH:  0    Dex: 15    Spells: 6/9 levels left

rFire   + . .      SeeInvis .   b - +4 dagger of Daev {vorpal, rElec Dex+2}
rCold   . . .      Faith    .   (no shield)
rNeg    . . .      Spirit   +   g - +0 leather armour
rPois   .          Reflect  .   m - +0 helmet
rElec   +          Harm     .   (no cloak)
rCorr   .          Rampage  .   (no gloves)
Will    .....                   (no boots)
Stlth   ++........              f - amulet of guardian spirit
HPRegen 0.10/turn               n - +4 ring of evasion
MPRegen 0.11/turn               (no ring)

@: no status effects
A: fire resistance 1, frail 1, mutation resistance 1
a: no special abilities


You were on level 4 of the Dungeon.
You visited 1 branch of the dungeon, and saw 4 of its levels.

You collected 132 gold pieces.

Inventory:

Hand Weapons
 b - the +4 dagger of Daev (weapon) {vorpal, rElec Dex+2}
   (You found it on level 4 of the Dungeon)

   It inflicts extra damage upon your enemies.
   Dex:       It affects your dexterity (+2).
   rElec:     It insulates you from electricity.
 c - a +0 dagger
 l - a +0 dagger of holy wrath
Armour
 a - a +0 robe
 e - a +0 pair of gloves
 g - a +0 leather armour (worn)
 m - a +0 helmet (worn)
Jewellery
 f - an amulet of guardian spirit (around neck)
 n - a +4 ring of evasion (left hand)
Scrolls
 p - a scroll of amnesia
Potions
 d - a potion of flight


   Skills:
 + Level 0.8 Fighting
 + Level 1.3 Short Blades
 - Level 0.8 Armour
 + Level 2.6 Dodging
 + Level 2.7 Stealth
 + Level 2.9 Spellcasting
 + Level 5.0 Conjurations


You had 6 spell levels left.
You knew the following spells:

 Your Spells              Type           Power      Damage    Failure   Level
a - Magic Dart            Conj           80%        1d7       3%          1
b - Searing Ray           Conj           40%        3d4       4%          2

Your spell library contained the following spells:

 Spells                   Type           Power      Damage    Failure   Level
 Shock                    Conj/Air       44%        1d5       9%          1
 Freeze                   Ice            8%         1d3       24%         1
 Dazzling Flash           Conj/Hex       22%        N/A       26%         3
 Frozen Ramparts          Ice            4%         1d2       58%         3
 Swiftness                Air            2%         N/A       58%         3
 Fulminant Prism          Conj/Hex       5%         3d7       63%         4
 Hailstorm                Conj/Ice       11%        3d5       63%         4
 Iskenderun's Mystic Bla  Conj/Tloc      11%        2d4       63%         4
 Iskenderun's Battlesphe  Conj           20%        2d7       63%         5
 Fireball                 Conj/Fire      5%         3d5       93%         5
 Airstrike                Air            1%         N/A       94%         4
 Conjure Ball Lightning   Conj/Air       5%         3x3d6     100%        6
 Orb of Destruction       Conj           10%        9d5       100%        7


Dungeon Overview and Level Annotations

Branches:
Dungeon (4/15)
 Temple: D:4-7

Altars:

Annotations:
D:3 Sigmund
D:4 Blork the orc, Dowan, Duvessa


Innate Abilities, Weirdness & Mutations

Your flesh is heat resistant. (rF+)
You are frail. (-10% HP)
You are somewhat resistant to further mutation.


Message History

Okay, then.
Okay, then.
You feel less wooden.
Your +0 helmet unmelds from your body.
Your +0 leather armour unmelds from your body.
Unknown command.
Dowan casts a spell.
Dowan blinks!
Duvessa hits you with a +0 short sword. Duvessa hits you with a +0 short sword!
Your magical contamination has completely faded away.
Found a slimy dagger.
Duvessa gestures with her weapon.
Duvessa barely misses you. Duvessa hits you but does no damage.
You see here the +4 dagger of Daev {vorpal, rElec Dex+2}.
b - the +4 dagger of Daev {vorpal, rElec Dex+2} Duvessa misses you.
Duvessa says, "Did you see that move?
Perfect!"
Duvessa hits you with a +0 short sword.
You feel agile.
b - the +4 dagger of Daev (weapon)
{vorpal, rElec Dex+2} You hit Duvessa.
Duvessa is severely wounded.
Duvessa closely misses you. Duvessa hits you with a +0 short sword!
You hit Duvessa.
Duvessa is almost dead.
Duvessa hits you with a +0 short sword!
* * * LOW HITPOINT WARNING * * *
You hit Duvessa but do no damage.
Duvessa is almost dead.
Duvessa barely misses you. x2
You barely miss Duvessa.
Duvessa is almost dead.
Duvessa hits you with a +0 short sword.
* * * LOW HITPOINT WARNING * * *
You hit Duvessa.
Duvessa is almost dead.
Duvessa hits you with a +0 short sword!
You die...

#####.###
#.##.######.# #<....#
#.##.....##.# #######
#.######.##.# ##
####.# ####.##.# #.
#....# #....##.######.
#.#### #.#####...)....
#.######..............
#...e.########.#######
#####@########.....#
#..........###.#
############ #.# #.###
#.... #####


You could see Duvessa (fast).

Vanquished Creatures
  Robin (D:1)
  4 adders
  4 gnolls (D:4)
  A worm (D:2)
  3 dart slugs (D:1)
  4 ball pythons
  3 endoplasms
  3 giant cockroaches
  20 goblins
  7 hobgoblins
  4 jackals
  7 kobolds
  A quokka (D:2)
  10 bats
  4 frilled lizards
  3 rats
79 creatures vanquished.

Notes
Turn   | Place    | Note
-------+----------+-------------------------------------------
     0 | D:1      | Zonian the Human Conjurer began the quest for the Orb.
     0 | D:1      | Reached XP level 1. HP: 13/13 MP: 3/3
   262 | D:1      | Reached XP level 2. HP: 19/19 MP: 0/5
  1297 | D:1      | Reached XP level 3. HP: 13/24 MP: 4/6
  1716 | D:1      | Learned a level 2 spell: Searing Ray
  2329 | D:2      | Noticed Robin
  3336 | D:2      | Reached XP level 4. HP: 30/30 MP: 5/7
  3437 | D:1      | Killed Robin
  3438 | D:1      | Reached skill level 1 in Short Blades
  4963 | D:3      | Reached XP level 5. HP: 35/35 MP: 4/9
  5423 | D:3      | Reached skill level 5 in Conjurations
  5487 | D:3      | Noticed Sigmund
  6860 | D:4      | Noticed Dowan
  6860 | D:4      | Noticed Duvessa
  6865 | D:4      | Noticed Blork the orc
  7042 | D:4      | Gained mutation: Your flesh is heat resistant. (rF+)
                  | [potion of mutation]
  7042 | D:4      | Gained mutation: You are frail. (-10% HP) [potion of
                  | mutation]
  7042 | D:4      | Gained mutation: You are somewhat resistant to further
                  | mutation. [potion of mutation]
  7077 | D:4      | Identified the +4 dagger of Daev {vorpal, rElec Dex+2}
  7083 | D:4      | HP: 1/32 [Duvessa (4)]
  7084 | D:4      | Mangled by Duvessa

Illustrated notes

Levels and vault maps discovered:
D:1:      lemuel_arrival_cross, layout_rooms
D:2:      layout_loops_ring, uniq_robin
D:3:      layout_rooms, uniq_sigmund
D:4:      layout_basic, uniq_blork_the_orc, uniq_eustachio, uniq_duvessa

Skill      XL: |  1  2  3  4  5 |
---------------+----------------+-----
Short Blades   | 1 |  1.3
Conjurations   | 5 |  5.0
Fighting       | |  0.8
Armour         | |  0.8
Dodging        | |  2.6
Stealth        | |  2.7
Spellcasting   | |  2.9

Action                   |  1- 3 |  4- 6 || total
-------------------------+-------+-------++-------
Melee: Unarmed           |     3 |       ||     3
       Dagger            |    60 |    97 ||   157
 Cast: Magic Dart        |    66 |    81 ||   147
       Searing Ray       |     1 |     7 ||     8
  Use: Scroll            |       |     9 ||     9
       Potion            |       |     7 ||     7
Armor: Robe              |     7 |       ||     7
       Leather armour    |     4 |    19 ||    23
       Skin              |       |     8 ||     8
Dodge: Dodged            |    43 |   115 ||   158

Table legend: (Time is in decaauts)
 A = Elapsed time spent in this place.
 B = Non-inter-level travel time spent in this place.
 C = Inter-level travel time spent in this place.
 D = Time resting spent in this place.
 E = Time spent auto-exploring this place.
 F = Levels seen in this place.
 G = Mean time per level.
                   A        B        C        D        E       F      G
               +--------+--------+--------+--------+--------+-----+--------+
         Total |   7081 |   6968 |    113 |   4072 |   2023 |   4 | 1770.2 |
       Dungeon |   7081 |   6968 |    113 |   4072 |   2023 |   4 | 1770.2 |
               +--------+--------+--------+--------+--------+-----+--------+

Top non-repeatable levels by time:
     D:1: 3334 daAuts
     D:2: 1621 daAuts
     D:4: 1268 daAuts
     D:3: 858 daAuts
